 Dungeon Crawl Stone Soup version 0.31.0-11-ge490571c62 (webtiles) character file.

Game seed: 14192147703258092477

91 bearlyready the Cudgeller (level 4, 0/49 HPs)
             Began as an Oni Berserker on Feb 3, 2024.
             Was a Believer of Trog.
             Slain by a gnoll
             ... wielding a +0 spear
             ... led by a gnoll bouda
              (2 damage)
             ... on level 5 of the Dungeon.
             The game lasted 00:02:25 (1568 turns).

bearlyready the Cudgeller (Oni Berserker)           Turns: 1568, Time: 00:02:25

Health: 0/49       AC:  3    Str: 21 (23) XL:     4   Next: 59%
Magic:  4/4        EV:  9    Int:  7 (8)  God:    Trog [**....]
Gold:   68         SH:  0    Dex:  6 (8)  Spells: 3/3 levels left

rFire   + . .        o - +10 mace of Hacking and Slashing {holy, rF+ rN+}
rCold   . . .        (no shield)
rNeg    + . .        b - +0 animal skin
rPois   .            (helmet restricted)
rElec   .            (no cloak)
rCorr   .            (gloves unavailable)
SInv    .            (boots unavailable)
Will    .....        (no amulet)
Stlth   +            (no ring)
HPRegen 0.28/turn    (no ring)
MPRegen 0.09/turn

%: no passive effects
@: on berserk cooldown, slowed, very slow
A: large, unfitting armour, horns 1, tough skin 1, double potion healing,
drunken brawling
a: Renounce Religion, Berserk, Trog's Hand


You were on level 5 of the Dungeon.
You worshipped Trog.
Trog was pleased with you.
You visited 1 branch of the dungeon, and saw 4 of its levels.

You collected 173 gold pieces.
You spent 105 gold pieces at shops.

Inventory:

Hand Weapons
 a - a +0 mace
 g - a +0 morningstar
 o - the +10 mace of Hacking and Slashing (weapon) {holy, rF+ rN+}
   (You took it off a hobgoblin on level 3 of the Dungeon)

   rF+:       It protects you from fire.
   rN+:       It protects you from negative energy.
Missiles
 c - 14 poisoned darts (quivered)
 i - 6 boomerangs
Armour
 b - a +0 animal skin (worn)
Jewellery
 n - a ring of poison resistance
Scrolls
 j - a scroll of fear
 k - 2 scrolls of blinking
Potions
 d - a potion of brilliance {unknown}
 e - a potion of resistance {unknown}
 f - a potion of might {unknown}
 h - a potion of degeneration
 p - 2 potions of invisibility {unknown}


   Skills:
 + Level 4.6 Fighting
 + Level 4.9 Maces & Flails
 - Level 2.6 Dodging


You had 3 spell levels left.
You didn't know any spells.
Your spell library was empty.

Dungeon Overview and Level Annotations

Branches:
Dungeon (3/15)

Altars:

Shops:
D:2 ?


Innate Abilities, Weirdness & Mutations

You are too large for most types of armour.
You have a pair of small horns on your head.
You have tough skin. (AC +1)
You gain doubled healing and magic from potions.
Whenever you drink a healing potion, you attack all around you.


Message History

The gnoll hits you from afar with a +0 halberd!
You feel a strong urge to attack something.
The gnoll hits you with a +0 halberd.
You closely miss the gnoll. Your headbutt misses the gnoll.
The gnoll hits you with a +0 halberd!
You are too injured to fight recklessly!
You sock the gnoll!
You kill the gnoll!
Trog accepts your kill.
You thump the quokka!
You kill the quokka!
Trog accepts your kill. The gnoll closely misses you.
The gnoll bouda barks out a call to the hunt!
The gnolls pick up the pace!
Things that are here:
a +0 halberd; a gnoll corpse You sock the gnoll bouda!
Your headbutt misses the gnoll bouda.
The gnoll bouda is heavily wounded.
The gnoll hits you from afar with a +0 spear.
The gnoll bouda hits you with a +0 whip!
You barely miss the gnoll bouda.
The gnoll bouda is heavily wounded.
You are no longer berserk.
You are exhausted.
You feel yourself slow down.
The gnoll bouda hits you with a +0 whip!
* * * LOW HITPOINT WARNING * * *
The gnoll misses you.
You hit the gnoll bouda.
The gnoll bouda is severely wounded.
The gnoll hits you from afar with a +0 spear.
* * * LOW HITPOINT WARNING * * *
The gnoll bouda hits you with a +0 whip!
* * * LOW HITPOINT WARNING * * *
It was a potion of degeneration.
There was something very wrong with that liquid.
You feel weakened.
You feel dopey.
You feel clumsy.
The gnoll hits you from afar with a +0 spear.
You die...

#~#.#.# #..#...
#~#.#~# #r....#
#.#.#~# ..#..# #
#.#.#~# #.##.#.#
#~#.#.# #.##.#.#
#.#g#~# ##..gg..#
#l#g#.# ##.g##g###
#b#.#b# ##..###g#
###.######g.####@#
#...g....###...#
########## #####
#PP. #####


You could see a gnoll bouda and 3 gnolls.

Vanquished Creatures
  An orc wizard (D:3)
  A gnoll (D:5)
  A ribbon worm (D:2)
  A dart slug (D:1)
  3 orcs (D:3)
  6 endoplasms
  A giant cockroach (D:1)
  5 goblins
  8 hobgoblins
  2 jackals (D:2)
  2 kobolds (D:1)
  A quokka (D:5)
  4 ball pythons (D:2)
  5 bats
  2 frilled lizards
  A rat (D:1)
44 creatures vanquished.

Notes
Turn   | Place    | Note
-------+----------+-------------------------------------------
     0 | D:1      | bearlyready the Oni Berserker began the quest for the Orb.
     0 | D:1      | Reached XP level 1. HP: 24/24 MP: 1/1
    39 | D:1      | Reached XP level 2. HP: 32/32 MP: 2/2
   616 | D:2      | Reached XP level 3. HP: 39/39 MP: 3/3
   719 | D:2      | Found Dihu's Magic Scroll Shop.
   722 | D:2      | Bought a scroll of blinking for 105 gold pieces
   905 | D:2      | Reached ** piety under Trog
  1212 | D:3      | Identified the +10 mace of Hacking and Slashing {holy, rF+
                  | rN+}
  1215 | D:3      | Identified the +4 pair of gloves of Rottomn {Str-2 Int+4}
  1359 | D:3      | Reached XP level 4. HP: 27/49 MP: 4/4
  1490 | D:3      | You fall into a shaft and drop 2 floors!
  1490 | D:5      | Entered Level 5 of the Dungeon
  1567 | D:5      | HP: 2/49 [gnoll bouda/+0 whip (8)]
  1568 | D:5      | Slain by a gnoll

Illustrated notes

Levels and vault maps discovered:
D:1:      minmay_arrival_checkered_box, layout_rooms
D:2:      layout_basic, serial_shops, nicolae_shop_rolled_up,
          minmay_pentomino_u2
D:3:      layout_basic, nemelex_dance_club_becter
D:5:      minmay_polygon_palace, layout_loops_cross, nicolae_ru_path_of_blood,
          serial_aquarium, aquarium_bridge_straight [aquarium_subvault_bridge,
          aquarium_subvault_wall, aquarium_subvault_bridge,
          aquarium_subvault_wall], aquarium_window_1, aquarium_window_fake,
          aquarium_window_fake, aquarium_window_1, aquarium_view_2d,
          aquarium_view_2d, aquarium_balcony_5a, aquarium_pool_1, uniq_pikel

Skill      XL: |  1  2 |
---------------+-------+-----
Maces & Flails | 4 |  4.9
Fighting       | |  4.6
Dodging        | |  2.6

Action                     |  1- 3 |  4- 6 || total
---------------------------+-------+-------++-------
  Melee: Mace              |    40 |     8 ||    48
         Headbutt          |     9 |     1 ||    10
         Punch             |     1 |       ||     1
         Morningstar       |    49 |       ||    49
 Invoke: Berserk           |     1 |     1 ||     2
    Use: Scroll            |       |     2 ||     2
         Potion            |       |     1 ||     1
 Armour: Animal skin       |    87 |    11 ||    98
  Dodge: Dodged            |    52 |     4 ||    56
